 Dungeon Crawl Stone Soup version 0.30-a0-219-gf2db51d15e (webtiles) character file.

Game seed: 12865960203075162089

2490 ytrimaz the Carver (level 9, -21/111 HPs)
             Began as a Formicid Fighter on Oct 6, 2022.
             Killed from afar by a deep elf zephyrmancer (34 damage)
             ... with a bolt of lightning
             ... on level 6 of the Dungeon.
             The game lasted 00:06:37 (4933 turns).

ytrimaz the Carver (Formicid Fighter)               Turns: 4933, Time: 00:06:38

Health: -21/111    AC: 24    Str: 21    XL:     9   Next: 81%
Magic:  9/9        EV:  2    Int:  8    God:
Gold:   306        SH: 10    Dex: 17    Spells: 8/8 levels left

rFire   . . .      SeeInvis .    a - +0 long sword
rCold   + . .      Faith    .    c - +0 buckler
rNeg    . . .      Spirit   .    (body armour currently unavailable)
rPois   +          Reflect  +    (helmet unavailable)
rElec   .          Harm     .    (cloak currently unavailable)
rCorr   +          Rampage  .    (gloves currently unavailable)
Will    .....                    (boots currently unavailable)
Stlth   ++........               h - amulet of reflection
HPRegen 0.38/turn                t - ring of resist corrosion
MPRegen 0.11/turn                d - ring of protection from cold

@: tree-form
A: stationary, stasis, torment immunity, boosted hp, permanent stasis, dig
shafts and tunnels, (antennae 3), four strong arms
a: no special abilities


You were on level 6 of the Dungeon.
You were a tree.
You visited 2 branches of the dungeon, and saw 7 of its levels.

You collected 328 gold pieces.
You spent 22 gold pieces at shops.


Innate Abilities, Weirdness & Mutations

You are a tree.
Your roots penetrate the ground, keeping you stationary.
You cannot be teleported.
You are immune to unholy pain and torment.
Your maximum health is greatly increased.
Your equipment is partially melded.
You cannot be hasted, slowed, berserked, paralysed or teleported.
You can dig through walls and to a lower floor.
((You have a pair of large antennae on your head. (SInv)))
Your four strong arms can wield two-handed weapons with a shield.


   Skills:
 + Level 8.3 Fighting
 + Level 10.7 Long Blades
 - Level 3.2 Armour
 - Level 4.0 Shields


You had 8 spell levels left.
You didn't know any spells.
Your spell library contained the following spells:

 Spells                   Type           Power      Damage    Failure   Level
 Airstrike                Air            0%         2d(0-16)  99%         4
 Summon Lightning Spire   Summ/Air       0%         N/A       99%         4
 Lightning Bolt           Conj/Air       0%         1d11      100%        5

Inventory:

Hand Weapons
 a - a +0 long sword (weapon)
Missiles
 i - 5 poisoned darts (quivered)
 o - 11 boomerangs
Armour
 b - a +0 scale mail (melded)
 c - a +0 buckler (worn)
 m - a +1 pair of gloves (melded)
   (You found it on level 1 of the Dungeon)
Jewellery
 d - a ring of protection from cold (right branch)
   (You found it on level 6 of the Dungeon)
 h - an amulet of reflection (around neck)
   (You found it on level 1 of the Dungeon)
 r - an amulet of magic regeneration
   (You found it on level 4 of the Dungeon)
 s - a ring of ice
   (You found it on level 5 of the Dungeon)
 t - a ring of resist corrosion (left branch)
   (You found it on level 5 of the Dungeon)
Wands
 n - a wand of polymorph (9)
   (You took it off Natasha on level 3 of the Dungeon)
 q - a wand of mindburst (15)
   (You found it on level 2 of the Dungeon)
 v - a wand of digging (5)
   (You found it on level 6 of the Dungeon)
Scrolls
 f - 2 scrolls of identify
Potions
 e - a potion of lignification
 g - a potion of brilliance {unknown}
 j - a potion of ambrosia {unknown}
 k - 4 potions of attraction {unknown}
 l - 2 potions of cancellation {unknown}
 p - 3 potions of degeneration {unknown}
 u - a potion of mutation {unknown}

Dungeon Overview and Level Annotations

Branches:
Dungeon (6/15) Zot: 25762  Temple (1/1) D:5 Zot: 5869

Altars:
Ashenzari
Cheibriados
Dithmenos
Elyvilon
Fedhas
Gozag
Kikubaaqudgha
Nemelex Xobeh
Trog
Uskayaw
Vehumet
Xom
Yredelemnul
Zin

Shops:
D:2 [   D:5 ( D:6

* ###.#
#........).....#...... #.#
#.#..8...8..#..#...... #.#
#.#..#...#..# ####... #.#
#.#..#...#..# #... #.#
#.#..#...#..# #.>. #.#
#.#(.#...#..# ##.. #.#
#.#.(#...#..#.######..
#.###.#.e#+++#..#.........
#.....#..♣$..+ #.........
###...#..'(..+ #.........
##..#..'8(?+ #.........
##.###########.........
#.....................
##.....##.#...........
#.....##.#...........
#.....##.#...........
#.....##.#...........


You could see a deep elf zephyrmancer.


Message History

Press: ? - help, Q - select action, (/) - cycle Shift-Dir - straight line, f/p - deep elf zephyrmancer
Aim: a deep elf zephyrmancer, wielding a +0 long sword and wearing a +0 leather armour (54% to hit)
You throw a poisoned dart.
The poisoned dart barely misses the deep elf zephyrmancer.
The deep elf zephyrmancer misses you.
Throw: 8 darts (poison)
Press: ? - help, Q - select action, (/) - cycle Shift-Dir - straight line, f/p - deep elf zephyrmancer
Aim: a deep elf zephyrmancer, wielding a +0 long sword and wearing a +0 leather armour (54% to hit)
You throw a poisoned dart.
The poisoned dart hits the deep elf zephyrmancer.
The deep elf zephyrmancer is poisoned.
The deep elf zephyrmancer gestures wildly while chanting.
The deep elf zephyrmancer blinks! 😮 HP[+1] Unknown command.
Throw: 7 darts (poison)
Press: ? - help, Q - select action, (/) - cycle Shift-Dir - straight line, f/p - deep elf zephyrmancer
Aim: a deep elf zephyrmancer, wielding a +0 long sword and wearing a +0 leather armour (poisoned, 54% to hit)
Okay, then.
Throw: 7 darts (poison)
Press: ? - help, Q - select action, (/) - cycle Shift-Dir - straight line, f/p - deep elf zephyrmancer
Aim: a deep elf zephyrmancer, wielding a +0 long sword and wearing a +0 leather armour (poisoned, 54% to hit)
You throw a poisoned dart.
The poisoned dart hits the deep elf zephyrmancer.
The deep elf zephyrmancer looks even sicker.
Unknown command.
Throw: 6 darts (poison)
Press: ? - help, Q - select action, (/) - cycle Shift-Dir - straight line, f/p - deep elf zephyrmancer
Aim: a deep elf zephyrmancer, wielding a +0 long sword and wearing a +0 leather armour (lightly wounded, very poisoned, 54% to hit)
You throw a poisoned dart.
The poisoned dart hits the deep elf zephyrmancer.
The deep elf zephyrmancer mumbles some strange words.
The deep elf zephyrmancer blinks!
The deep elf zephyrmancer points at you and mumbles some strange words.
The bolt of lightning misses you.
Unknown command.
It was a potion of lignification.
You turn into a tree.
Your +1 pair of gloves melds into your body.
Your +0 scale mail melds into your body.
Your roots penetrate the ground. 😮 HP[+22]
You now have 111 max hp (+37).
You regained 22 hp, and now have 63/111 hp.
Unknown command.
The deep elf zephyrmancer gestures wildly while chanting.
The deep elf zephyrmancer blinks! 😮 HP[+1]
You hit the deep elf zephyrmancer.
The deep elf zephyrmancer hits you but does no damage.
Unknown command.
You slash the deep elf zephyrmancer!
The deep elf zephyrmancer hits you but does no damage. 😮 HP[+1]
You closely miss the deep elf zephyrmancer.
Unknown command.
You hit the deep elf zephyrmancer but do no damage.
You block the deep elf zephyrmancer's attack.
You hit the deep elf zephyrmancer.
The deep elf zephyrmancer gestures wildly while chanting.
The deep elf zephyrmancer blinks! 😮 HP[+1] Unknown command.
You cannot move.
You cannot move.
You cannot move. 😮 HP[+1]
The deep elf zephyrmancer looks more healthy.
The deep elf zephyrmancer gestures at you while chanting.
The bolt of lightning hits you!!
* * * LOW HITPOINT WARNING * * *
😨 HP[-28]
You take 28 damage, and now have 39/111 hp.
MASSIVE DAMAGE!! (PAUSE)
The deep elf zephyrmancer gestures at you while chanting.
The bolt of lightning hits you!!
* * * LOW HITPOINT WARNING * * *
😱 HP[-22]
You take 22 damage, and now have 17/111 hp. 😱 HP[+1] Unknown command.
Unknown command.
You barely miss the deep elf zephyrmancer.
The deep elf zephyrmancer hits you but does no damage.
Unknown command.
You hit the deep elf zephyrmancer.
The deep elf zephyrmancer hits you with a +0 long sword!
* * * LOW HITPOINT WARNING * * *
😱 HP[-6]
You take 6 damage, and now have 12/111 hp.
Unknown command.
You hit the deep elf zephyrmancer but do no damage.
The deep elf zephyrmancer completely misses you.
Okay, then.
You hit the deep elf zephyrmancer.
The deep elf zephyrmancer completely misses you.
Unknown command.
You hit the deep elf zephyrmancer but do no damage.
The deep elf zephyrmancer gestures at you while chanting.
The bolt of lightning hits you!!
You die...

Skill      XL: |  1  2  3  4  5  6  7  8  9 |
---------------+----------------------------+-----
Long Blades    | 3 4 5 6 8 9 10 | 10.7
Fighting       | 6 8 |  8.3
Armour         | |  3.2
Shields        | |  4.0

Action                   |  1- 3 |  4- 6 |  7- 9 || total
-------------------------+-------+-------+-------++-------
Melee: Long sword        |    90 |   108 |   218 ||   416
       Unarmed           |       |     7 |       ||     7
Throw: Dart              |       |       |    50 ||    50
  Use: Scroll            |     6 |     2 |       ||     8
       Potion            |       |       |    11 ||    11
Armor: Scale mail        |    41 |    31 |   102 ||   174
       Skin              |       |     2 |     3 ||     5
Dodge: Dodged            |    30 |    34 |    91 ||   155
Block: Buckler           |    47 |    53 |   116 ||   216
       Reflection        |     3 |     1 |       ||     4

Levels and vault maps discovered:
D:1:      erik_arrival_blinker_ship, layout_basic,
          shapermc_ecumenical_altar_mp_ritualfount, st_stairs_13,
          amcnicky_mini_rare_corridor_liquid
D:2:      layout_basic, serial_shops,
          nicolae_shop_temple_entry_statues_fountains, chequers_arboretum
D:3:      layout_basic, eat_drink_and_be_merry_uskayaw,
          nicolae_overflow_ecumenical_swirl, moated_statue, uniq_jessica,
          uniq_natasha
D:4:      layout_rooms, nicolae_hepliaklqana_hippocampus, nrook_uturn,
          uniq_blork_the_orc
D:5:      layout_cave_pods, mainiacjoe_overflow_paths, xom_redecorated,
          minmay_temple_entry_drinking_statues, minmay_misc_feat_rows,
          nicolae_shop_firing_range, uniq_sigmund, uniq_edmund
D:6:      cheibrodos_helix_gallery, layout_basic, elyvilon_altar_4,
          serial_shops, shop, guppyfry_early_elven_hall, uniq_grinder,
          uniq_pikel, uniq_duvessa
Temple:   compressed_dpeg_triangle_lava_temple

Notes
Turn   | Place    | Note
-------+----------+-------------------------------------------
     0 | D:1      | ytrimaz the Formicid Fighter began the quest for the Orb.
     0 | D:1      | Reached XP level 1. HP: 18/18 MP: 1/1
     0 | D:1      | magus.rc [v1.9.6]
   236 | D:1      | Found a faded altar of an unknown god.
   276 | D:1      | Reached XP level 2. HP: 23/24 MP: 2/2
   947 | D:2      | Reached skill level 3 in Long Blades
  1057 | D:2      | Reached XP level 3. HP: 24/29 MP: 3/3
  1460 | D:2      | Found Xuffuit's Antique Armour Emporium.
  1469 | D:2      | Reached XP level 4. HP: 35/35 MP: 4/4
  1526 | D:3      | Noticed Jessica
  1548 | D:3      | Killed Jessica
  1549 | D:3      | Reached skill level 4 in Long Blades
  1610 | D:3      | Noticed Natasha
  1618 | D:3      | Killed Natasha
  1619 | D:3      | Reached XP level 5. HP: 37/41 MP: 5/5
  1736 | D:3      | Found a hide-covered altar of Uskayaw.
  1738 | D:3      | Noticed Natasha
  1754 | D:3      | HP: 10/41 [Natasha/magic dart (7)]
  1755 | D:3      | Killed Natasha
  1756 | D:3      | Reached skill level 5 in Long Blades
  2181 | D:3      | Noticed Natasha
  2192 | D:3      | Killed Natasha
  2193 | D:3      | Reached XP level 6. HP: 31/47 MP: 6/6
  2298 | D:3      | Found a faded altar of an unknown god.
  2301 | D:3      | Found a sparkling altar of Nemelex Xobeh.
  2437 | D:4      | Reached skill level 6 in Long Blades
  2500 | D:4      | You fall into a shaft and drop 1 floor!
  2500 | D:5      | Entered Level 5 of the Dungeon
  2508 | D:5      | Reached XP level 7. HP: 48/52 MP: 7/7
  2517 | D:5      | Reached skill level 7 in Long Blades
  2655 | D:5      | Noticed Sigmund
  2665 | D:5      | Killed Sigmund
  2717 | D:5      | Reached skill level 8 in Long Blades
  2751 | D:5      | Reached XP level 8. HP: 58/60 MP: 8/8
  2767 | D:5      | Found a bloodstained altar of Trog.
  2824 | D:5      | Found a shimmering altar of Xom.
  2838 | D:5      | HP: 6/60 [orc priest/divine providence (11)]
  2843 | D:5      | Reached skill level 4 in Fighting
  2844 | D:5      | HP: 13/60 [ufetubus (4)]
  2845 | D:5      | HP: 5/60 [orc/+0 hand axe (4)]
  2851 | D:5      | Found a shimmering altar of Xom.
  2971 | D:5      | Found a shimmering altar of Xom.
  2975 | D:5      | Found a shimmering altar of Xom.
  3052 | D:5      | Noticed Edmund
  3075 | D:5      | Killed Edmund
  3209 | D:5      | Found Dytasch Delo's Firing Range.
  3216 | D:5      | Bought 5 poisoned darts for 22 gold pieces
  3263 | D:5      | Found a staircase to the Ecumenical Temple.
  3278 | Temple   | Entered the Ecumenical Temple
  3437 | D:5      | Reached skill level 5 in Fighting
  3694 | D:6      | Noticed Dowan
  3695 | D:6      | Noticed Duvessa
  3712 | D:6      | HP: 9/62 [Duvessa/+0 rapier (9)]
  3719 | D:6      | HP: 10/62 [Duvessa/+0 rapier (6)]
  3725 | D:6      | Killed Duvessa
  3725 | D:6      | HP: 15/62 [Dowan/+1 dagger of protection (1)]
  3726 | D:6      | Reached skill level 9 in Long Blades
  3730 | D:6      | HP: 10/62 [Dowan/+1 dagger of protection (4)]
  3732 | D:6      | Killed Dowan
  3947 | D:6      | Found Foshritee's General Store.
  3970 | D:6      | Reached skill level 6 in Fighting
  3987 | D:6      | HP: 16/64 [water moccasin (2)]
  3991 | D:6      | Reached XP level 9. HP: 18/70 MP: 9/9
  4178 | D:6      | Noticed Grinder
  4203 | D:6      | Killed Grinder
  4204 | D:6      | Reached skill level 7 in Fighting
  4204 | D:6      | Reached skill level 10 in Long Blades
  4568 | D:6      | You pick up a book of Storms and begin reading...
  4568 | D:6      | You add the spells Airstrike, Summon Lightning Spire and
                  | Lightning Bolt to your library.
  4785 | D:6      | Found a white marble altar of Elyvilon.
  4798 | D:6      | Noticed Pikel
  4808 | D:6      | Killed Pikel
  4809 | D:6      | Reached skill level 8 in Fighting
  4904 | D:6      | Noticed a deep elf zephyrmancer
  4926 | D:6      | HP: 17/111 [deep elf zephyrmancer/bolt of lightning (22)]
  4933 | D:6      | Killed from afar by a deep elf zephyrmancer

Vanquished Creatures
  Pikel (D:6)
  Grinder (D:6)
  Sigmund (D:5)
  Edmund (D:5)
  3 water moccasins (D:6)
  Duvessa (D:6)
  A sky beast (D:6)
  An orc warrior (D:6)
  An ogre (D:6)
  A phantom (D:5)
  A bullfrog (D:6)
  2 scorpions
  Dowan (D:6)
  3 jellies
  3 orc priests (D:5)
  2 hounds
  2 iguanas (D:5)
  Jessica (D:3)
  Natasha (thrice) (D:3)
  2 orc wizards
  3 gnolls (D:5)
  5 adders
  2 ufetubi
  3 worms
  A dart slug (D:2)
  15 orcs
  3 bats
  4 endoplasms
  2 giant cockroaches
  4 goblins
  3 hobgoblins
  4 jackals
  3 kobolds
  2 quokkas
  A ball python (D:2)
  3 rats
90 creatures vanquished.

Table legend:
 A = Non-vault XP
 B = Vault XP
 C = Vault XP percentage of total XP
 D = Non-vault monster count
 E = Vault monster count
 F = Vault count percentage of total count
                 A         B        C        D         E       F
            +---------+---------+-------+---------+---------+-------
      Total |    1834 |    1724 |  48.5 |      78 |      12 |  13.3
            +---------+---------+-------+---------+---------+-------
        D:1 |      17 |       4 |  19.0 |       9 |       2 |  18.2
        D:2 |      49 |       0 |   0.0 |      16 |       0 |   0.0
        D:3 |     130 |      72 |  35.6 |      14 |       2 |  12.5
        D:4 |     210 |       0 |   0.0 |       8 |       0 |   0.0
        D:5 |     565 |     407 |  41.9 |      21 |       2 |   8.7
        D:6 |     863 |    1241 |  59.0 |      10 |       6 |  37.5
            +---------+---------+-------+---------+---------+-------

Illustrated notes

Table legend:
 A = Kills in this place as a percentage of kills in entire the game.
 B = Kills by you in this place as a percentage of kills by you in the entire game.
 C = Kills by friends in this place as a percentage of kills by friends in the entire game.
 D = Other kills in this place as a percentage of other kills in the entire game.
 E = Experience gained in this place as a percentage of experience gained in the entire game.
 F = Experience gained in this place divided by the number of levels of this place that you have seen.
                   A       B       C       D       E      F
               +-------+-------+-------+-------+-------+----------------------
         Total | 100.0 | 100.0 |   N/A |   N/A | 100.0 | 508.3
       Dungeon | 100.0 | 100.0 |   N/A |   N/A | 100.0 | 593.0
               +-------+-------+-------+-------+-------+----------------------

Table legend: (Time is in decaauts)
 A = Elapsed time spent in this place.
 B = Non-inter-level travel time spent in this place.
 C = Inter-level travel time spent in this place.
 D = Time resting spent in this place.
 E = Time spent auto-exploring this place.
 F = Levels seen in this place.
 G = Mean time per level.
                   A        B        C        D        E       F      G
               +--------+--------+--------+--------+--------+-----+--------+
         Total |   4976 |   4845 |    131 |    149 |   3688 |   7 |  710.9 |
       Dungeon |   4845 |   4714 |    131 |    149 |   3581 |   6 |  807.5 |
        Temple |    130 |    130 |      0 |      0 |    107 |   1 |  130.0 |
               +--------+--------+--------+--------+--------+-----+--------+

Top non-repeatable levels by time:
     D:6: 1237 daAuts
     D:5: 1065 daAuts
     D:1: 884 daAuts
     D:3: 862 daAuts
     D:2: 665 daAuts
     D:4: 131 daAuts
  Temple: 130 daAuts
